 Dungeon Crawl Stone Soup version 0.29-a0-283-ga02f740833 (webtiles) character file.

Game seed: 4989235467291373831

21 Cecur the Shield-Bearer (level 3, 0/30 HPs)
             Began as a Formicid Fighter on Mar 14, 2022.
             Was an Initiate of Ashenzari.
             Constricted to death by a ball python (1 damage)
             ... on level 1 of the Dungeon.
             The game lasted 00:01:04 (931 turns).

Cecur the Shield-Bearer (Formicid Fighter)           Turns: 931, Time: 00:01:05

Health: 0/30       AC:  6    Str: 22    XL:     3   Next: 5%
Magic:  3/3        EV:  6    Int:  7    God:    Ashenzari [......]
Gold:   10         SH:  4    Dex: 10    Spells: 2/2 levels left

rFire   . . .      SeeInvis +   a - +0 trident
rCold   . . .      Faith    .   c - +0 buckler
rNeg    . . .      Spirit   .   b - +0 scale mail
rPois   .          Reflect  .   (helmet unavailable)
rElec   .          Harm     .   (no cloak)
rCorr   .          Rampage  .   (no gloves)
Will    .....                   (no boots)
Stlth   ..........              (no amulet)
HPRegen 0.10/turn               (no ring)
MPRegen 0.08/turn               (no ring)

@: constricted
A: permanent stasis, dig shafts and tunnels, antennae 3, four strong arms
a: Dig, Shaft Self, Renounce Religion, Curse Item


You were on level 1 of the Dungeon.
You worshipped Ashenzari.
Ashenzari was noncommittal.
You visited 1 branch of the dungeon, and saw 1 of its levels.

You collected 10 gold pieces.

Inventory:

Hand Weapons
 a - a +0 trident (weapon)
Armour
 b - a +0 scale mail (worn)
 c - a +0 buckler (worn)
Scrolls
 f - a scroll of identify {unknown}
Potions
 d - a potion of might
 e - 2 potions of invisibility {unknown}
 g - 3 potions of curing {unknown}


   Skills:
 + Level 3.6 Fighting
 + Level 2.1 Polearms
 + Level 3.6 Armour
 + Level 4.0 Shields


You had 2 spell levels left.
You didn't know any spells.
Your spell library was empty.

Dungeon Overview and Level Annotations

Branches:
Dungeon (1/15)

Altars:
Ashenzari


Innate Abilities, Weirdness & Mutations

You cannot be hasted, slowed, berserked, paralysed or teleported.
You can dig through walls and to a lower floor.
You have a pair of large antennae on your head. (SInv)
Your four strong arms can wield two-handed weapons with a shield.


Message History

The ball python bites you but does no damage.
The ball python constricts you.
* * * LOW HITPOINT WARNING * * *
You block the frilled lizard's attack.
The ball python bites you but does no damage.
The ball python constricts you.
* * * LOW HITPOINT WARNING * * *
The frilled lizard unfolds its giant frill.
The frilled lizard bites you but does no damage.
The ball python bites you but does no damage.
The ball python constricts you. You block the ball python's attack.
The ball python constricts you.
The frilled lizard bites you but does no damage.
Unknown command.
Unknown command.
You closely miss the frilled lizard. You block the ball python's attack.
The ball python constricts you.
* * * LOW HITPOINT WARNING * * *
The frilled lizard closely misses you. The ball python bites you.
* * * LOW HITPOINT WARNING * * *
The ball python constricts you.
The frilled lizard bites you but does no damage.
The ball python bites you but does no damage.
The ball python constricts you. You block the frilled lizard's attack.
The ball python barely misses you. The ball python constricts you.
The frilled lizard bites you.
* * * LOW HITPOINT WARNING * * *
The ball python bites you.
* * * LOW HITPOINT WARNING * * *
The ball python constricts you.
* * * LOW HITPOINT WARNING * * *
You block the ball python's attack. The ball python constricts you.
The frilled lizard bites you but does no damage.
The ball python closely misses you. The ball python constricts you.
The frilled lizard bites you but does no damage.
The ball python bites you.
* * * LOW HITPOINT WARNING * * *
The ball python constricts you.
You die...

#.###.............
#.# ########......
#.# #####.. #.#
### #.# #.# #.#
########## #.#
#......... #@#
#.######## #.Sl#
#.# ......# #.#
#...#.#.# #)# ##.
#.#.# #.. # .....
.... #. ### ###.#
#. .# .#


You could see a ball python and a frilled lizard.

Vanquished Creatures
  A dart slug (D:1)
  3 ball pythons (D:1)
  A bat (D:1)
  3 endoplasms (D:1)
  3 goblins (D:1)
  A hobgoblin (D:1)
  3 quokkas (D:1)
15 creatures vanquished.

Vanquished Creatures (others)
  2 plants (D:1)
  11 withered plants (D:1)
13 creatures vanquished.

Grand Total: 28 creatures vanquished

Notes
Turn   | Place    | Note
-------+----------+-------------------------------------------
     0 | D:1      | Cecur the Formicid Fighter began the quest for the Orb.
     0 | D:1      | Reached XP level 1. HP: 18/18 MP: 1/1
   152 | D:1      | Reached XP level 2. HP: 23/24 MP: 2/2
   437 | D:1      | Reached skill level 4 in Shields
   473 | D:1      | Found a faded altar of an unknown god.
   493 | D:1      | Reached XP level 3. HP: 30/30 MP: 3/3
   578 | D:1      | Prayed at the altar of an unknown god.
   578 | D:1      | Became a worshipper of Ashenzari the Shackled
   931 | D:1      | HP: 1/30 [ball python (1)]
   931 | D:1      | Constricted to death by a ball python

Illustrated notes

Levels and vault maps discovered:
D:1:      nicolae_arrival_washed_ashore, layout_loops_ring,
          shapermc_ecumenical_altar_flowoftime, minmay_fountain_box,
          lemuel_old_faithful

Skill      XL: |  1  2 |
---------------+-------+-----
Shields        | 4 |  4.0
Fighting       | |  3.6
Polearms       | |  2.1
Armour         | |  3.6

Action                   || total
-------------------------++-------
Melee: Trident           ||    77
Armor: Scale mail        ||    55
Dodge: Dodged            ||    39
Block: Buckler           ||    23

Table legend: (Time is in decaauts)
 A = Elapsed time spent in this place.
 B = Non-inter-level travel time spent in this place.
 C = Inter-level travel time spent in this place.
 D = Time resting spent in this place.
 E = Time spent auto-exploring this place.
 F = Levels seen in this place.
 G = Mean time per level.
                   A        B        C        D        E       F      G
               +--------+--------+--------+--------+--------+-----+--------+
         Total |    948 |    932 |     16 |      0 |    700 |   1 |  948.0 |
       Dungeon |    948 |    932 |     16 |      0 |    700 |   1 |  948.0 |
               +--------+--------+--------+--------+--------+-----+--------+

Top non-repeatable levels by time:
     D:1: 948 daAuts
